 Dungeon Crawl Stone Soup version 0.29-a0-321-gf1c400731a (webtiles) character file.

Game seed: 4999018674600155811

70 kae the Firebug (level 4, 0/24 HPs)
             Began as a Tengu Fire Elementalist on Apr 4, 2022.
             Slain by an orc
             ... wielding a +0 hand axe
              (3 damage)
             ... on level 3 of the Dungeon.
             The game lasted 00:02:13 (3009 turns).

kae the Firebug (Tengu Fire Elementalist)           Turns: 3009, Time: 00:02:13

Health: 0/24       AC:  3    Str:  5 (8)  XL:     4   Next: 21%
Magic:  4/8        EV: 12    Int: 17 (18) God:
Gold:   78         SH:  0    Dex: 11 (14) Spells: 1/7 levels left

rFire   . . .      SeeInvis .   c - +1 short sword (protect)
rCold   . . .      Faith    .   (no shield)
rNeg    . . .      Spirit   .   a - +1 robe
rPois   .          Reflect  .   (helmet restricted)
rElec   .          Harm     .   (no cloak)
rCorr   .          Rampage  .   (no gloves)
Will    .....                   (boots unavailable)
Stlth   ++........              (no amulet)
HPRegen 0.08/turn               (no ring)
MPRegen 0.11/turn               (no ring)

@: no status effects
A: beak, talons 3
a: no special abilities


You were on level 3 of the Dungeon.
You visited 1 branch of the dungeon, and saw 3 of its levels.

You collected 191 gold pieces.
You spent 113 gold pieces at shops.

Inventory:

Hand Weapons
 c - a +1 short sword of protection (weapon)
 f - a +0 spear
 l - the +7 whip "Soppoes" {vorpal, Drain Int+7}
   (You found it on level 2 of the Dungeon)

   It inflicts extra damage upon your enemies.
   Int:       It affects your intelligence (+7).
   Drain:     It drains your maximum health when unequipped.
Armour
 a - a +1 robe (worn)
Jewellery
 i - an amulet of faith
 j - a ring of willpower
Wands
 e - a wand of iceblast (18)
 g - a wand of paralysis (9)
Scrolls
 h - a scroll of enchant armour
Potions
 b - 2 potions of magic
 k - 2 potions of resistance
 o - a potion of brilliance


   Skills:
 + Level 0.9 Fighting
 + Level 1.0 Armour
 + Level 2.7 Dodging
 - Level 2.0 Stealth
 + Level 2.3 Spellcasting
 + Level 2.4 Conjurations
 * Level 4.1 Fire Magic


You had one spell level left.
You knew the following spells:

 Your Spells              Type           Power      Damage    Failure   Level
a - Foxfire               Conj/Fire      52%        2x1d6     4%          1
b - Scorch                Fire           32%        2d7       5%          2
c - Conjure Flame         Conj/Fire      13%        6-21      14%         3

Your spell library contained the following spells:

 Spells                   Type           Power      Damage    Failure   Level
 Shock                    Conj/Air       24%        1d4       12%         1
 Inner Flame              Hex/Fire       9%         N/A       24%         3
 Flame Wave               Conj/Fire      13%        2d6       43%         4
 Swiftness                Air            1%         N/A       50%         3
 Airstrike                Air            0%         N/A       88%         4


Dungeon Overview and Level Annotations

Branches:
Dungeon (3/15)

Altars:
Cheibriados

Shops:
D:3 *


Innate Abilities, Weirdness & Mutations

You have a beak for a mouth.
You have claws for feet.


Message History

An orc comes into view. It is wielding a +0 mace.
An orc is nearby!
An orc is nearby!
An orc is nearby!
An orc comes into view. It is wielding a +0 short sword.
You see here a potion of curing.
An orc comes into view. It is wielding a +0 hand axe.
Things that are here:
a +0 club; an orc corpse An orc comes into view.
It is wielding a +0 hand axe.
Found a dagger and a whip.
The orc hits you with a +0 mace.
The orc shouts!
You puncture the orc!
Your weapon exudes an aura of protection.
You kill the orc!
Your magical contamination has completely faded away.
The orc hits you with a +0 short sword.
You see here a +0 mace.
You closely miss the orc. You claw the orc. Your peck misses the orc.
The orc is heavily wounded.
The orc hits you but does no damage. The orc misses you.
You barely miss the orc.
The orc is heavily wounded.
The orc closely misses you. The orc hits you with a +0 hand axe.
The orc hits you with a +0 short sword.
You are too injured to fight recklessly!
Casting: Foxfire (safe; 4% risk of failure)
Confirm with . or Enter, or press ? or * to list all spells.
Flames lash the orc.
You kill the orc!
The orc misses you. The orc hits you with a +0 hand axe!
* * * LOW HITPOINT WARNING * * *
The orc hits you with a +0 hand axe.
* * * LOW HITPOINT WARNING * * *
The orc barely misses you.
It was a potion of degeneration.
There was something very wrong with that liquid.
You feel weakened.
You feel dopey.
You feel clumsy. The orc hits you with a +0 hand axe.
You die...

######..#.##
..#.....# #.....#
#.##....# #..)..#
#.###...# #.....#
#.# #...#
#.....#####
#.###...#
#.........#
####'##..>.#
#.........#
#......##..#
#..)o.....#
...........#
#@o.)...#
#.......#..#
#.#.....#
#.......#..# #)#
....# #.......#.##
#!# ...#
#.......#.######.#
...
#.......#...v§§..#
#.
#######.##########
.#


You could see 2 orcs.

Vanquished Creatures
  2 adders (D:3)
  2 dart slugs
  4 orcs (D:3)
  4 ball pythons
  2 endoplasms
  2 giant cockroaches
  6 goblins
  2 hobgoblins
  A jackal (D:1)
  5 bats
  7 frilled lizards
  3 kobolds
  5 rats
45 creatures vanquished.

Vanquished Creatures (collateral kills)
  A foxfire (D:1)
1 creature vanquished.

Vanquished Creatures (others)
  57 foxfires
57 creatures vanquished.

Grand Total: 103 creatures vanquished

Notes
Turn   | Place    | Note
-------+----------+-------------------------------------------
     0 | D:1      | kae the Tengu Fire Elementalist began the quest for the
                  | Orb.
     0 | D:1      | Reached XP level 1. HP: 10/10 MP: 4/4
   281 | D:1      | Reached XP level 2. HP: 14/15 MP: 3/6
   344 | D:1      | Found a faded altar of an unknown god.
   602 | D:1      | Reached XP level 3. HP: 3/20 MP: 3/7
   884 | D:1      | Learned a level 2 spell: Scorch
   888 | D:1      | Learned a level 3 spell: Conjure Flame
  1709 | D:2      | Found a snail-covered altar of Cheibriados.
  1928 | D:2      | Identified the +7 whip "Soppoes" {vorpal, Drain Int+7}
  2306 | D:3      | Reached skill level 4 in Fire Magic
  2572 | D:3      | Found Yddoc's Assorted Antiques.
  2581 | D:3      | Bought a sapphire potion for 26 gold pieces
  2581 | D:3      | Bought a scroll labelled NISHROBL XIUPEM for 29 gold pieces
  2581 | D:3      | Bought a scroll of identify for 58 gold pieces
  2813 | D:3      | Reached skill level 1 in Armour
  2813 | D:3      | Reached XP level 4. HP: 2/24 MP: 1/8
  3009 | D:3      | Slain by an orc

Illustrated notes

Levels and vault maps discovered:
D:1:      onia_arrival_mini_spirals, layout_loops_cross,
          shapermc_ecumenical_altar_acropolis, minmay_vboxes
D:2:      layout_basic, basic_altar, minmay_misc_feat_enclosed
D:3:      layout_basic, serial_shops, shop, uniq_terence

Skill      XL: |  1  2  3 |
---------------+----------+-----
Conjurations   | 2 |  2.4
Fire Magic     | 4 |  4.1
Armour         | 1 |  1.0
Fighting       | |  0.9
Dodging        | |  2.7
Stealth        | |  2.0
Spellcasting   | |  2.3

Action                   |  1- 3 |  4- 6 || total
-------------------------+-------+-------++-------
Melee: Unarmed           |     9 |       ||     9
       Kick              |     8 |     1 ||     9
       Peck              |     4 |       ||     4
       Spear             |    14 |       ||    14
       Punch             |     1 |       ||     1
       Short sword       |    12 |     3 ||    15
 Cast: Foxfire           |    39 |     2 ||    41
       Scorch            |     2 |     1 ||     3
  Use: Scroll            |    12 |       ||    12
       Potion            |       |     2 ||     2
 Stab: Sleeping          |     1 |       ||     1
Armor: Robe              |    20 |     1 ||    21
Dodge: Dodged            |    38 |     4 ||    42

Table legend: (Time is in decaauts)
 A = Elapsed time spent in this place.
 B = Non-inter-level travel time spent in this place.
 C = Inter-level travel time spent in this place.
 D = Time resting spent in this place.
 E = Time spent auto-exploring this place.
 F = Levels seen in this place.
 G = Mean time per level.
                   A        B        C        D        E       F      G
               +--------+--------+--------+--------+--------+-----+--------+
         Total |   3011 |   2942 |     69 |     32 |   2623 |   3 | 1003.7 |
       Dungeon |   3011 |   2942 |     69 |     32 |   2623 |   3 | 1003.7 |
               +--------+--------+--------+--------+--------+-----+--------+

Top non-repeatable levels by time:
     D:1: 1139 daAuts
     D:2: 980 daAuts
     D:3: 891 daAuts
